[ AOE2 MATCH · #487576347 ]
UnrankedTurks vs Romans
[ REPLAY ANALYSIS · EXTRACTED FROM THE RECORDED GAME ]
Feudal
13:52
Castle
17:25
Imperial
22:41
| APM avg | 49.0 |
| APM peak | 98 |
| eAPM avg | 18.5 |
| Villagers / military | 63 / 55 |
Focus
⚔️ 21.2% · 🌾 78.8%
Hand Cannoneer ×48 · Bombard Cannon ×5 · Monk ×2
Feudal
10:19
Castle
16:16
Imperial
—
| APM avg | 23.5 |
| APM peak | 65 |
| eAPM avg | 8.1 |
| Villagers / military | 37 / 5 |
Focus
⚔️ 6.9% · 🌾 93.1%
Scorpion ×3 · Mangonel ×2
Feudal
—
Castle
—
Imperial
—
| APM avg | 53.1 |
| APM peak | 125 |
| eAPM avg | 24.5 |
| Villagers / military | 83 / 36 |
Focus
⚔️ 19.5% · 🌾 80.5%
Scout Cavalry ×15 · Skirmisher ×11 · Militia ×8 · Battering Ram ×2
Feudal
9:36
Castle
13:25
Imperial
—
| APM avg | 42.3 |
| APM peak | 68 |
| eAPM avg | 19.1 |
| Villagers / military | 65 / 44 |
Focus
⚔️ 26.5% · 🌾 73.5%
Monk ×30 · Spearman ×7 · Battering Ram ×7
Feudal
—
Castle
—
Imperial
—
| APM avg | 14.3 |
| APM peak | 47 |
| eAPM avg | 8.9 |
| Villagers / military | 121 / 17 |
Focus
⚔️ 13.0% · 🌾 87.0%
Scout Cavalry ×10 · Ballista Elephant ×7
Feudal
11:41
Castle
15:19
Imperial
30:20
| APM avg | 55.1 |
| APM peak | 90 |
| eAPM avg | 21.8 |
| Villagers / military | 110 / 5 |
Focus
⚔️ 20.7% · 🌾 79.3%
Mangonel ×3 · Monk ×1 · Battering Ram ×1
Feudal
10:38
Castle
14:14
Imperial
28:17
| APM avg | 32.2 |
| APM peak | 78 |
| eAPM avg | 15.1 |
| Villagers / military | 103 / 5 |
Focus
⚔️ 17.3% · 🌾 82.7%
Monk ×3 · Bombard Cannon ×2
Feudal
—
Castle
—
Imperial
—
| APM avg | 28.4 |
| APM peak | 90 |
| eAPM avg | 11.4 |
| Villagers / military | 51 / 24 |
Focus
⚔️ 18.5% · 🌾 81.5%
Janissary ×23 · Petard ×1
Match map
Initial resources + every placement click. Lines = walls · curves = elevation contours. ◆ gold · ⬟ stone · ● berries · ✦ relic · ◌ wall gap
Your base· ✓ Closed at 17:25 · 0t walls · 2 gate(s)
uvbeendominated1's base· ✓ Closed at 16:16 · 0t walls · 2 gate(s)
PERCENT5175's base· ✓ Closed at 12:14 · 0t walls · 2 gate(s)
CTM | Crawly94's base· ✓ Closed at 13:25 · 0t walls · 2 gate(s)
PIPEX1356's base· ✓ Closed at 13:34 · 0t walls · 2 gate(s)
CTM | Benja FC's base· ✓ Closed at 15:19 · 0t walls · 2 gate(s)
超级小豪's base· ✓ Closed at 14:14 · 0t walls · 2 gate(s)
The Sar AOE's base· ✓ Closed at 12:44 · 0t walls · 2 gate(s)
Smoothed initial terrain · ◌ = detected wall gap · hover for details
Inputs per minute
— Carsitou - - uvbeendominated1
Build order — Carsitou
First 150 of 154 actions detected
| 0:01 | Create | Villager (Male) |
| 0:01 | Create | Villager (Male) |
| 0:01 | Create | Villager (Male) |
| 0:02 | Build | House |
| 0:04 | Build | House |
| 0:10 | Create | Villager (Male) |
| 0:11 | Create | Villager (Male) |
| 1:28 | Create | Villager (Male) |
| 1:28 | Create | Villager (Male) |
| 1:28 | Create | Villager (Male) |
| 1:51 | Create | Villager (Male) |
| 1:51 | Create | Villager (Male) |
| 1:59 | Build | Lumber Camp |
| 2:26 | Create | Villager (Male) |
| 2:26 | Create | Villager (Male) |
| 2:48 | Create | Villager (Male) |
| 2:48 | Create | Villager (Male) |
| 3:05 | Create | Villager (Male) |
| 3:05 | Create | Villager (Male) |
| 3:36 | Create | Villager (Male) |
| 3:36 | Create | Villager (Male) |
| 3:49 | Build | House |
| 3:50 | Build | House |
| 3:51 | Build | House |
| 4:00 | Create | Villager (Male) |
| 4:01 | Create | Villager (Male) |
| 4:29 | Create | Villager (Male) |
| 4:29 | Create | Villager (Male) |
| 4:35 | Build | Mill |
| 4:37 | Create | Villager (Male) |
| 4:37 | Create | Villager (Male) |
| 5:07 | Create | Villager (Male) |
| 5:07 | Create | Villager (Male) |
| 5:37 | Create | Villager (Male) |
| 6:01 | Create | Villager (Male) |
| 6:01 | Create | Villager (Male) |
| 6:05 | Create | Villager (Male) |
| 6:19 | Build | House |
| 6:23 | Create | Villager (Male) |
| 6:24 | Create | Villager (Male) |
| 7:24 | Build | Lumber Camp |
| 7:25 | Create | Villager (Male) |
| 7:44 | Create | Villager (Male) ×5 |
| 8:58 | Build | Farm |
| 9:00 | Build | Farm |
| 9:15 | Build | Mining Camp |
| 9:40 | Create | Villager (Male) |
| 10:05 | Create | Villager (Male) |
| 10:06 | Create | Villager (Male) |
| 10:06 | Create | Villager (Male) |
| 11:06 | Build | Farm |
| 11:20 | Build | Farm |
| 11:27 | Research | Feudal Age |
| 11:45 | Build | Farm |
| 12:52 | Build | House |
| 12:55 | Create | Villager (Male) |
| 12:55 | Create | Villager (Male) |
| 13:52 | Age | Feudal Age |
| 13:56 | Build | Blacksmith |
| 13:59 | Build | Market |
| 14:43 | Build | Farm |
| 14:45 | Research | Castle Age |
| 14:53 | Build | Farm |
| 14:54 | Build | Farm |
| 14:58 | Build | Farm |
| 14:59 | Build | Farm |
| 15:00 | Build | Farm |
| 15:16 | Research | Double-Bit Axe |
| 15:17 | Research | Horse Collar |
| 15:18 | Research | Gold Mining |
| 15:35 | Research | Wheelbarrow |
| 15:53 | Build | House |
| 16:18 | Build | Barracks |
| 16:43 | Build | House |
| 16:44 | Build | House |
| 17:25 | Age | Castle Age |
| 17:28 | Build | Siege Workshop |
| 17:30 | Build | Siege Workshop |
| 17:32 | Build | Archery Range |
| 17:33 | Build | Archery Range |
| 17:43 | Build | Monastery |
| 18:10 | Build | Farm |
| 18:26 | Create | Villager (Male) |
| 18:30 | Create | Monk |
| 18:31 | Create | Monk |
| 19:04 | Create | Villager (Male) |
| 19:08 | Build | Farm |
| 19:13 | Build | House |
| 19:15 | Build | House |
| 19:30 | Research | Imperial Age |
| 19:50 | Build | House |
| 20:16 | Build | Farm |
| 20:22 | Research | Padded Archer Armor |
| 20:36 | Create | Villager (Male) |
| 20:36 | Create | Villager (Male) |
| 20:51 | Build | House |
| 20:55 | Build | University |
| 21:11 | Research | Leather Archer Armor |
| 21:43 | Build | House |
| 22:02 | Build | House |
| 22:16 | Create | Villager (Male) |
| 22:22 | Build | House |
| 22:41 | Age | Imperial Age |
| 22:42 | Create | Bombard Cannon |
| 22:43 | Create | Bombard Cannon |
| 22:45 | Create | Hand Cannoneer ×5 |
| 22:45 | Create | Hand Cannoneer ×5 |
| 22:45 | Create | Hand Cannoneer ×4 |
| 22:59 | Build | House |
| 23:26 | Create | Hand Cannoneer ×4 |
| 23:31 | Build | Farm |
| 23:33 | Create | Villager (Male) |
| 23:37 | Build | Farm |
| 24:04 | Create | Bombard Cannon |
| 24:12 | Create | Villager (Male) |
| 24:15 | Build | Farm |
| 24:29 | Build | House |
| 24:31 | Build | House |
| 24:32 | Create | Hand Cannoneer ×2 |
| 24:32 | Create | Hand Cannoneer ×2 |
| 24:58 | Create | Villager (Male) |
| 24:59 | Create | Villager (Male) |
| 25:01 | Build | House |
| 25:09 | Build | Farm |
| 25:10 | Build | Farm |
| 25:28 | Create | Villager (Male) |
| 25:32 | Build | Farm |
| 26:08 | Create | Bombard Cannon |
| 26:10 | Create | Hand Cannoneer ×3 |
| 26:10 | Create | Hand Cannoneer ×3 |
| 26:22 | Create | Villager (Male) |
| 26:22 | Create | Villager (Male) |
| 26:27 | Build | Mining Camp |
| 26:40 | Create | Hand Cannoneer ×3 |
| 26:40 | Create | Hand Cannoneer ×3 |
| 27:43 | Build | House |
| 27:47 | Create | Villager (Male) |
| 27:47 | Create | Villager (Male) |
| 27:51 | Research | Hand Cart |
| 27:53 | Research | Ring Archer Armor |
| 28:27 | Create | Villager (Male) |
| 28:27 | Create | Villager (Male) |
| 28:30 | Build | House |
| 28:31 | Build | House |
| 28:31 | Create | Hand Cannoneer ×5 |
| 28:34 | Create | Hand Cannoneer ×3 |
| 28:35 | Create | Hand Cannoneer ×3 |
| 29:04 | Build | House |
| 29:06 | Build | House |
| 29:08 | Create | Villager (Male) |
Build order — uvbeendominated1
79 actions detected in the replay
| 0:01 | Create | Villager (Male) |
| 0:03 | Build | House |
| 0:05 | Build | House |
| 0:22 | Create | Villager (Male) |
| 0:43 | Create | Villager (Male) |
| 0:54 | Create | Villager (Male) |
| 1:44 | Create | Villager (Male) |
| 2:09 | Create | Villager (Male) |
| 2:25 | Create | Villager (Male) |
| 2:43 | Create | Villager (Male) |
| 3:05 | Create | Villager (Male) |
| 3:27 | Create | Villager (Male) |
| 3:32 | Build | House |
| 3:55 | Create | Villager (Male) |
| 4:13 | Create | Villager (Male) |
| 4:23 | Create | Villager (Male) |
| 4:42 | Create | Villager (Male) |
| 5:04 | Create | Villager (Male) |
| 5:15 | Build | Mill |
| 5:33 | Create | Villager (Male) |
| 5:44 | Build | House |
| 5:59 | Create | Villager (Male) |
| 6:34 | Build | Lumber Camp |
| 6:50 | Create | Villager (Male) |
| 6:57 | Create | Villager (Male) |
| 7:49 | Build | House |
| 8:09 | Research | Feudal Age |
| 10:14 | Create | Villager (Male) |
| 10:19 | Age | Feudal Age |
| 10:21 | Research | Double-Bit Axe |
| 10:45 | Build | Mining Camp |
| 10:48 | Create | Villager (Male) |
| 11:03 | Build | Barracks |
| 11:07 | Create | Villager (Male) |
| 11:37 | Create | Villager (Male) |
| 11:48 | Build | Farm |
| 11:51 | Build | Farm |
| 12:00 | Build | Blacksmith |
| 12:14 | Build | Farm |
| 12:15 | Create | Villager (Male) |
| 12:16 | Create | Villager (Male) |
| 12:31 | Build | Market |
| 12:37 | Build | House |
| 12:40 | Create | Villager (Male) |
| 12:52 | Build | Lumber Camp |
| 13:05 | Build | Farm |
| 13:25 | Create | Villager (Male) |
| 13:27 | Build | Farm |
| 13:35 | Research | Castle Age |
| 13:40 | Build | Farm |
| 13:49 | Build | Farm |
| 15:51 | Build | Farm |
| 15:58 | Build | Farm |
| 16:13 | Create | Villager (Male) |
| 16:16 | Age | Castle Age |
| 16:22 | Build | Town Center |
| 16:35 | Build | Farm |
| 16:36 | Build | Farm |
| 16:43 | Build | Town Center |
| 16:51 | Research | Horse Collar |
| 16:55 | Research | Bow Saw |
| 16:58 | Create | Villager (Male) |
| 16:58 | Create | Villager (Male) |
| 17:28 | Build | Siege Workshop |
| 17:47 | Create | Scorpion |
| 17:47 | Create | Scorpion |
| 18:04 | Create | Villager (Male) |
| 18:07 | Create | Villager (Male) |
| 18:08 | Create | Villager (Male) |
| 18:22 | Create | Scorpion |
| 18:40 | Create | Villager (Male) |
| 19:04 | Build | Siege Workshop |
| 20:39 | Create | Villager (Male) |
| 20:42 | Create | Mangonel |
| 20:42 | Create | Mangonel |
| 21:17 | Build | Farm |
| 22:35 | Create | Villager (Male) |
| 22:35 | Create | Villager (Male) |
| 22:36 | Build | Farm |
Build order — PERCENT5175
First 150 of 205 actions detected
| 0:03 | Build | House |
| 0:05 | Build | House |
| 0:07 | Create | Villager (Male) |
| 0:22 | Create | Villager (Male) |
| 0:29 | Create | Villager (Male) |
| 0:29 | Create | Villager (Male) |
| 0:29 | Create | Villager (Male) |
| 1:31 | Create | Villager (Male) |
| 1:32 | Create | Villager (Male) |
| 1:51 | Build | Lumber Camp |
| 1:57 | Create | Villager (Male) |
| 1:57 | Create | Villager (Male) |
| 2:27 | Create | Villager (Male) |
| 2:27 | Create | Villager (Male) |
| 3:07 | Create | Villager (Male) |
| 3:07 | Create | Villager (Male) |
| 3:20 | Create | Villager (Male) |
| 3:21 | Create | Villager (Male) |
| 3:23 | Create | Villager (Male) |
| 3:24 | Create | Villager (Male) |
| 3:24 | Create | Villager (Male) |
| 4:05 | Build | Mill |
| 4:29 | Create | Villager (Male) |
| 4:30 | Create | Villager (Male) |
| 4:31 | Create | Villager (Male) |
| 4:31 | Create | Villager (Male) |
| 4:56 | Build | House |
| 5:17 | Create | Villager (Male) |
| 5:32 | Create | Villager (Male) |
| 5:55 | Create | Villager (Male) |
| 6:36 | Build | House |
| 6:50 | Create | Villager (Male) |
| 7:13 | Create | Villager (Male) |
| 7:25 | Create | Villager (Male) |
| 7:33 | Research | Feudal Age |
| 9:09 | Create | Villager (Male) |
| 10:04 | Build | Mining Camp |
| 10:17 | Create | Villager (Male) |
| 10:47 | Create | Villager (Male) |
| 10:58 | Build | Blacksmith |
| 10:59 | Build | Market |
| 11:12 | Create | Villager (Male) |
| 11:13 | Research | Double-Bit Axe |
| 12:14 | Research | Castle Age |
| 12:14 | Research | Castle Age |
| 12:44 | Build | Barracks |
| 13:00 | Research | Horse Collar |
| 13:33 | Build | House |
| 13:39 | Research | Man-at-Arms (upgrade) |
| 14:06 | Create | Villager (Male) |
| 14:09 | Create | Militia |
| 14:35 | Create | Militia |
| 14:36 | Create | Militia |
| 14:56 | Build | Siege Workshop |
| 14:57 | Create | Militia |
| 15:05 | Build | House |
| 15:16 | Create | Villager (Male) |
| 15:21 | Build | Farm |
| 15:24 | Build | Farm |
| 15:29 | Build | Farm |
| 15:30 | Create | Villager (Male) |
| 15:42 | Create | Militia |
| 15:54 | Create | Battering Ram |
| 16:06 | Build | Farm |
| 16:08 | Create | Militia |
| 16:09 | Create | Militia |
| 16:23 | Build | Farm |
| 16:24 | Build | Farm |
| 16:29 | Build | Farm |
| 16:37 | Create | Villager (Male) |
| 16:44 | Build | House |
| 16:46 | Research | Loom |
| 17:00 | Create | Villager (Male) |
| 17:22 | Create | Battering Ram |
| 17:29 | Build | House |
| 17:35 | Create | Villager (Male) |
| 17:47 | Research | Long Swordsman (upgrade) |
| 17:48 | Research | Long Swordsman (upgrade) |
| 18:01 | Build | Farm |
| 18:07 | Create | Villager (Male) |
| 18:24 | Build | House |
| 18:24 | Create | Villager (Male) |
| 18:25 | Create | Villager (Male) |
| 18:33 | Create | Militia |
| 18:58 | Build | Farm |
| 18:59 | Create | Villager (Male) |
| 19:08 | Create | Villager (Male) |
| 19:11 | Build | Farm |
| 19:12 | Build | Farm |
| 19:14 | Create | Villager (Male) |
| 19:41 | Build | Town Center |
| 19:46 | Create | Villager (Male) |
| 19:46 | Create | Villager (Male) |
| 20:27 | Create | Villager (Male) |
| 20:28 | Create | Villager (Male) |
| 20:31 | Build | Farm |
| 20:32 | Build | Farm |
| 20:50 | Build | Farm |
| 21:01 | Create | Villager (Male) |
| 21:01 | Create | Villager (Male) |
| 21:15 | Build | Farm |
| 21:18 | Research | Heavy Plow |
| 21:19 | Research | Bow Saw |
| 21:45 | Build | Farm |
| 21:52 | Build | Farm |
| 21:57 | Build | Farm |
| 21:59 | Create | Villager (Male) |
| 22:16 | Create | Villager (Male) |
| 22:25 | Build | Stable |
| 22:31 | Create | Villager (Male) |
| 22:36 | Create | Villager (Male) |
| 22:36 | Create | Villager (Male) |
| 22:42 | Build | Stable |
| 22:43 | Create | Villager (Male) |
| 22:44 | Create | Villager (Male) |
| 22:55 | Build | Farm |
| 22:56 | Create | Villager (Male) |
| 22:56 | Create | Villager (Male) |
| 23:10 | Research | Bloodlines |
| 23:21 | Build | Farm |
| 23:25 | Build | House |
| 23:26 | Build | House |
| 23:40 | Research | Husbandry |
| 23:56 | Create | Scout Cavalry |
| 24:01 | Build | Farm |
| 24:02 | Create | Villager (Male) |
| 24:04 | Create | Villager (Male) |
| 24:11 | Research | Light Cavalry (upgrade) |
| 24:11 | Research | Light Cavalry (upgrade) |
| 24:15 | Create | Villager (Male) |
| 24:16 | Create | Villager (Male) |
| 24:23 | Build | Farm |
| 24:25 | Build | Farm |
| 24:28 | Build | House |
| 24:32 | Create | Scout Cavalry |
| 24:33 | Create | Scout Cavalry |
| 24:37 | Build | Farm |
| 24:50 | Build | Farm |
| 24:52 | Build | Farm |
| 24:55 | Build | House |
| 24:56 | Build | House |
| 24:57 | Create | Villager (Male) |
| 25:04 | Create | Scout Cavalry |
| 25:04 | Create | Scout Cavalry |
| 25:04 | Create | Scout Cavalry |
| 25:10 | Create | Villager (Male) |
| 25:17 | Build | Town Center |
| 25:19 | Create | Scout Cavalry |
| 25:20 | Create | Scout Cavalry |
| 25:23 | Create | Villager (Male) |
Build order — CTM | Crawly94
First 150 of 164 actions detected
| 0:00 | Create | Villager (Male) |
| 0:01 | Create | Villager (Male) |
| 0:02 | Build | House |
| 0:03 | Build | House |
| 0:03 | Create | Villager (Male) |
| 0:04 | Create | Villager (Male) |
| 1:46 | Create | Villager (Male) |
| 1:46 | Create | Villager (Male) |
| 1:49 | Build | Lumber Camp |
| 2:10 | Create | Villager (Male) |
| 2:24 | Create | Villager (Male) |
| 2:25 | Create | Villager (Male) |
| 2:53 | Create | Villager (Male) |
| 2:53 | Create | Villager (Male) |
| 3:25 | Create | Villager (Male) |
| 3:25 | Create | Villager (Male) |
| 3:46 | Create | Villager (Male) |
| 3:46 | Create | Villager (Male) |
| 4:13 | Create | Villager (Male) |
| 4:13 | Create | Villager (Male) |
| 4:17 | Build | House |
| 4:39 | Create | Villager (Male) |
| 4:39 | Create | Villager (Male) |
| 4:40 | Create | Villager (Male) |
| 4:49 | Create | Villager (Male) |
| 4:49 | Create | Villager (Male) |
| 5:11 | Create | Villager (Male) |
| 5:29 | Create | Villager (Male) |
| 5:29 | Create | Villager (Male) |
| 5:45 | Build | House |
| 6:42 | Create | Villager (Male) |
| 6:42 | Create | Villager (Male) |
| 6:48 | Create | Villager (Male) |
| 6:51 | Build | Mill |
| 7:26 | Research | Feudal Age |
| 7:26 | Research | Feudal Age |
| 8:35 | Create | Villager (Male) |
| 8:36 | Research | Loom |
| 9:36 | Age | Feudal Age |
| 9:38 | Build | Market |
| 9:40 | Build | Blacksmith |
| 10:45 | Research | Castle Age |
| 10:46 | Research | Castle Age |
| 11:01 | Build | Mining Camp |
| 12:06 | Create | Villager (Male) |
| 12:32 | Build | House |
| 13:13 | Create | Villager (Male) |
| 13:25 | Age | Castle Age |
| 13:27 | Build | Monastery |
| 13:31 | Build | Monastery |
| 13:44 | Build | Barracks |
| 13:47 | Create | Villager (Male) |
| 13:47 | Create | Villager (Male) |
| 13:52 | Build | Farm |
| 14:09 | Create | Monk |
| 14:09 | Create | Monk |
| 14:13 | Create | Monk |
| 14:18 | Research | Sanctity |
| 14:20 | Research | Fervor |
| 14:42 | Create | Villager (Male) |
| 14:42 | Create | Villager (Male) |
| 14:49 | Build | Farm |
| 14:50 | Build | Farm |
| 15:14 | Build | House |
| 15:20 | Create | Monk |
| 15:21 | Create | Spearman |
| 15:22 | Create | Spearman |
| 15:30 | Build | Siege Workshop |
| 15:54 | Create | Spearman |
| 16:12 | Create | Battering Ram |
| 16:12 | Create | Battering Ram |
| 16:17 | Build | House |
| 16:19 | Create | Monk |
| 16:19 | Create | Monk |
| 16:32 | Build | Farm |
| 16:36 | Create | Villager (Male) |
| 16:36 | Create | Villager (Male) |
| 16:58 | Build | Mining Camp |
| 17:19 | Research | Redemption |
| 17:25 | Create | Villager (Male) |
| 17:26 | Create | Villager (Male) |
| 17:40 | Create | Battering Ram |
| 17:40 | Create | Battering Ram |
| 18:16 | Create | Battering Ram |
| 18:17 | Create | Monk |
| 18:18 | Create | Monk |
| 18:21 | Build | House |
| 18:22 | Build | House |
| 18:22 | Build | House |
| 18:31 | Create | Monk |
| 18:37 | Build | House |
| 18:38 | Build | House |
| 18:39 | Build | House |
| 18:40 | Build | House |
| 18:40 | Build | House |
| 18:46 | Create | Villager (Male) |
| 18:46 | Create | Villager (Male) |
| 19:04 | Create | Spearman |
| 19:05 | Create | Spearman |
| 19:32 | Create | Monk |
| 19:34 | Create | Monk |
| 19:34 | Create | Monk |
| 19:55 | Create | Battering Ram |
| 19:55 | Create | Battering Ram |
| 20:33 | Create | Monk |
| 20:33 | Create | Monk |
| 20:35 | Create | Villager (Male) |
| 20:35 | Create | Villager (Male) |
| 20:41 | Build | House |
| 20:42 | Build | House |
| 21:55 | Create | Monk |
| 21:55 | Create | Monk |
| 22:16 | Create | Monk |
| 22:16 | Create | Monk |
| 22:59 | Create | Spearman |
| 22:59 | Create | Spearman |
| 23:32 | Create | Monk |
| 23:32 | Create | Monk |
| 23:33 | Create | Monk |
| 23:44 | Create | Monk |
| 23:44 | Create | Monk |
| 23:46 | Create | Villager (Male) |
| 24:24 | Build | Town Center |
| 24:28 | Create | Villager (Male) |
| 24:29 | Create | Villager (Male) |
| 24:55 | Create | Villager (Male) |
| 24:56 | Create | Villager (Male) |
| 25:13 | Create | Monk |
| 25:13 | Create | Monk |
| 25:28 | Build | Monastery |
| 26:28 | Build | Siege Workshop |
| 26:30 | Create | Monk |
| 26:30 | Create | Monk |
| 26:31 | Create | Monk |
| 26:31 | Research | Herbal Medicine |
| 26:38 | Build | Mining Camp |
| 26:55 | Research | Wheelbarrow |
| 26:55 | Research | Town Watch |
| 26:56 | Create | Villager (Male) |
| 26:56 | Create | Villager (Male) |
| 27:11 | Create | Villager (Male) |
| 27:11 | Create | Villager (Male) |
| 27:34 | Create | Monk |
| 27:34 | Create | Monk |
| 27:56 | Create | Villager (Male) |
| 27:56 | Create | Villager (Male) |
| 28:42 | Create | Villager (Male) |
| 28:42 | Create | Villager (Male) |
| 29:03 | Build | Farm |
| 29:03 | Build | Farm |
Build order — PIPEX1356
First 150 of 163 actions detected
| 0:10 | Build | House |
| 0:12 | Build | House |
| 0:16 | Build | House |
| 0:18 | Create | Villager (Male) ×4 |
| 0:18 | Create | Villager (Male) ×4 |
| 0:18 | Create | Villager (Male) ×4 |
| 0:19 | Create | Villager (Male) ×4 |
| 1:43 | Create | Villager (Male) |
| 1:44 | Create | Villager (Male) |
| 2:23 | Create | Villager (Male) |
| 2:23 | Create | Villager (Male) |
| 2:23 | Create | Villager (Male) |
| 2:43 | Research | Loom |
| 2:48 | Create | Villager (Male) |
| 2:48 | Create | Villager (Male) |
| 3:30 | Create | Villager (Male) |
| 3:31 | Create | Villager (Male) |
| 3:43 | Create | Villager (Male) |
| 3:43 | Create | Villager (Male) |
| 4:15 | Create | Villager (Male) |
| 4:15 | Create | Villager (Male) |
| 4:30 | Create | Villager (Male) |
| 4:30 | Create | Villager (Male) |
| 4:42 | Build | Lumber Camp |
| 5:06 | Create | Villager (Male) |
| 5:06 | Create | Villager (Male) |
| 5:06 | Create | Villager (Male) |
| 5:34 | Create | Villager (Male) |
| 5:34 | Create | Villager (Male) |
| 5:34 | Create | Villager (Male) |
| 5:35 | Create | Villager (Male) |
| 5:52 | Build | House |
| 5:54 | Build | House |
| 5:55 | Build | House |
| 5:57 | Build | House |
| 6:57 | Create | Villager (Male) |
| 7:05 | Build | Mill |
| 7:26 | Create | Villager (Male) |
| 7:49 | Create | Villager (Male) |
| 7:49 | Create | Villager (Male) |
| 7:50 | Create | Villager (Male) |
| 8:18 | Build | Mining Camp |
| 9:20 | Create | Villager (Male) |
| 9:41 | Create | Villager (Male) |
| 10:06 | Research | Feudal Age |
| 11:37 | Create | Villager (Male) |
| 11:37 | Create | Villager (Male) |
| 11:37 | Create | Villager (Male) |
| 11:39 | Create | Villager (Male) |
| 11:40 | Create | Villager (Male) |
| 12:56 | Build | Mining Camp |
| 13:05 | Build | Farm |
| 13:06 | Build | Farm |
| 13:07 | Build | Farm |
| 13:07 | Build | Farm |
| 13:09 | Build | Farm |
| 13:10 | Build | Farm |
| 13:11 | Build | Farm |
| 13:13 | Build | Farm |
| 13:34 | Research | Castle Age |
| 14:05 | Research | Stone Mining |
| 15:01 | Research | Double-Bit Axe |
| 15:05 | Research | Horse Collar |
| 15:17 | Create | Villager (Male) ×3 |
| 16:05 | Create | Villager (Male) |
| 16:05 | Create | Villager (Male) |
| 16:05 | Create | Villager (Male) |
| 16:27 | Research | Gold Mining |
| 16:51 | Build | Town Center |
| 17:45 | Build | Stable |
| 18:03 | Build | Castle |
| 18:12 | Research | Wheelbarrow |
| 18:28 | Create | Villager (Male) ×2 |
| 18:28 | Create | Villager (Male) ×2 |
| 18:28 | Create | Villager (Male) ×2 |
| 18:28 | Create | Villager (Male) ×2 |
| 18:33 | Build | Farm |
| 18:33 | Build | Farm |
| 18:33 | Build | Farm |
| 18:33 | Build | Farm |
| 18:34 | Build | Farm |
| 18:34 | Build | Farm |
| 18:34 | Build | Farm |
| 18:34 | Build | Farm |
| 18:49 | Create | Scout Cavalry |
| 19:11 | Create | Scout Cavalry |
| 19:35 | Create | Scout Cavalry |
| 19:48 | Create | Villager (Male) |
| 19:48 | Create | Villager (Male) |
| 20:12 | Create | Villager (Male) |
| 20:13 | Create | Villager (Male) ×2 |
| 20:13 | Create | Villager (Male) ×2 |
| 20:13 | Create | Villager (Male) |
| 20:18 | Build | Farm |
| 20:18 | Build | Farm |
| 20:18 | Build | Farm |
| 20:18 | Build | Farm |
| 20:19 | Build | Farm |
| 20:19 | Build | Farm |
| 20:19 | Build | Farm |
| 20:39 | Create | Scout Cavalry |
| 20:39 | Create | Scout Cavalry |
| 20:44 | Create | Villager (Male) |
| 20:44 | Create | Villager (Male) |
| 21:10 | Create | Scout Cavalry |
| 21:10 | Create | Scout Cavalry |
| 21:11 | Create | Scout Cavalry |
| 21:43 | Create | Villager (Male) ×3 |
| 21:44 | Create | Villager (Male) ×4 |
| 21:44 | Create | Villager (Male) |
| 21:44 | Create | Villager (Male) |
| 22:02 | Create | Scout Cavalry |
| 22:23 | Create | Scout Cavalry |
| 22:29 | Create | Villager (Male) |
| 22:29 | Create | Villager (Male) |
| 22:29 | Create | Villager (Male) |
| 23:51 | Research | Hand Cart |
| 23:52 | Create | Villager (Male) ×3 |
| 23:52 | Create | Villager (Male) ×3 |
| 23:52 | Create | Villager (Male) ×3 |
| 24:00 | Build | Farm |
| 24:00 | Build | Farm |
| 24:01 | Build | Farm |
| 24:01 | Build | Farm |
| 24:02 | Build | Farm |
| 24:02 | Build | Farm |
| 24:02 | Build | Farm |
| 24:02 | Build | Farm |
| 24:02 | Build | Farm |
| 24:03 | Build | Farm |
| 24:03 | Build | Farm |
| 24:06 | Build | Farm |
| 24:16 | Build | Town Center |
| 24:25 | Create | Ballista Elephant |
| 24:25 | Create | Ballista Elephant |
| 24:26 | Create | Ballista Elephant |
| 24:26 | Create | Ballista Elephant |
| 24:31 | Build | Farm |
| 24:34 | Create | Villager (Male) |
| 24:34 | Create | Villager (Male) |
| 24:34 | Create | Villager (Male) |
| 24:51 | Research | Loom |
| 25:00 | Create | Ballista Elephant |
| 25:00 | Create | Ballista Elephant |
| 25:00 | Create | Ballista Elephant |
| 25:15 | Research | Bloodlines |
| 26:21 | Build | Siege Workshop |
| 26:23 | Build | Siege Workshop |
| 26:28 | Create | Villager (Male) ×5 |
| 26:28 | Create | Villager (Male) ×5 |
Build order — CTM | Benja FC
First 150 of 239 actions detected
| 0:01 | Create | Villager (Male) |
| 0:03 | Build | House |
| 0:05 | Build | House |
| 0:07 | Create | Villager (Male) |
| 0:14 | Create | Villager (Male) |
| 0:26 | Create | Villager (Male) |
| 1:23 | Create | Villager (Male) |
| 1:23 | Create | Villager (Male) |
| 1:52 | Build | Lumber Camp |
| 1:56 | Create | Villager (Male) |
| 1:56 | Create | Villager (Male) |
| 2:07 | Create | Villager (Male) |
| 2:38 | Build | House |
| 2:40 | Build | House |
| 2:40 | Build | House |
| 2:56 | Create | Villager (Male) |
| 3:23 | Create | Villager (Male) |
| 3:51 | Create | Villager (Male) |
| 3:51 | Create | Villager (Male) |
| 4:15 | Create | Villager (Male) |
| 4:18 | Create | Villager (Male) |
| 4:27 | Build | House |
| 4:49 | Create | Villager (Male) |
| 5:08 | Create | Villager (Male) |
| 5:42 | Build | Mining Camp |
| 5:59 | Create | Villager (Male) |
| 6:21 | Create | Villager (Male) |
| 6:32 | Build | Mill |
| 7:15 | Create | Villager (Male) |
| 7:34 | Build | Mining Camp |
| 7:49 | Create | Villager (Male) |
| 8:16 | Create | Villager (Male) |
| 8:20 | Create | Villager (Male) |
| 8:21 | Create | Villager (Male) |
| 8:47 | Build | Farm |
| 9:10 | Build | Farm |
| 9:17 | Research | Feudal Age |
| 9:36 | Build | Farm |
| 11:36 | Research | Loom |
| 11:41 | Age | Feudal Age |
| 11:49 | Build | Blacksmith |
| 11:52 | Build | Market |
| 12:08 | Create | Villager (Male) |
| 12:39 | Research | Castle Age |
| 12:42 | Research | Double-Bit Axe |
| 12:45 | Research | Horse Collar |
| 13:14 | Build | Lumber Camp |
| 14:04 | Research | Gold Mining |
| 14:05 | Research | Stone Mining |
| 15:18 | Create | Villager (Male) |
| 15:19 | Age | Castle Age |
| 15:21 | Build | House |
| 15:22 | Create | Villager (Male) |
| 15:24 | Build | Town Center |
| 15:34 | Create | Villager (Male) |
| 15:36 | Build | Town Center |
| 15:43 | Build | House |
| 15:44 | Build | House |
| 15:48 | Create | Villager (Male) |
| 15:50 | Build | Farm |
| 16:10 | Research | Bow Saw |
| 16:16 | Create | Villager (Male) |
| 16:35 | Create | Villager (Male) |
| 16:39 | Build | Farm |
| 16:40 | Build | Farm |
| 16:58 | Create | Villager (Male) |
| 17:00 | Build | Farm |
| 17:03 | Build | Farm |
| 17:22 | Create | Villager (Male) |
| 17:23 | Create | Villager (Male) |
| 17:29 | Build | Farm |
| 17:30 | Build | Farm |
| 17:42 | Build | Farm |
| 17:53 | Create | Villager (Male) |
| 18:01 | Create | Villager (Male) |
| 18:20 | Build | Siege Workshop |
| 18:22 | Create | Villager (Male) |
| 18:28 | Build | Farm |
| 18:30 | Build | Farm |
| 18:32 | Create | Villager (Male) |
| 18:39 | Build | Farm |
| 18:39 | Build | Farm |
| 18:59 | Create | Villager (Male) |
| 19:00 | Create | Villager (Male) |
| 19:03 | Build | Farm |
| 19:08 | Build | Farm |
| 19:16 | Create | Villager (Male) |
| 19:20 | Create | Villager (Male) |
| 19:24 | Build | Farm |
| 19:25 | Build | Farm |
| 19:28 | Build | Farm |
| 20:06 | Create | Villager (Male) |
| 20:09 | Create | Mangonel |
| 20:37 | Create | Villager (Male) |
| 20:38 | Create | Villager (Male) |
| 20:39 | Create | Villager (Male) |
| 20:40 | Create | Villager (Male) |
| 20:43 | Build | House |
| 20:46 | Create | Villager (Male) |
| 20:59 | Create | Villager (Male) |
| 21:00 | Create | Villager (Male) |
| 21:03 | Build | Farm |
| 21:04 | Create | Villager (Male) |
| 21:11 | Build | Town Center |
| 21:13 | Create | Villager (Male) |
| 21:21 | Build | House |
| 21:28 | Create | Battering Ram |
| 21:29 | Create | Villager (Male) |
| 21:30 | Create | Villager (Male) |
| 21:32 | Create | Villager (Male) |
| 21:51 | Create | Villager (Male) |
| 21:51 | Create | Villager (Male) |
| 21:54 | Create | Villager (Male) |
| 21:59 | Create | Villager (Male) |
| 22:04 | Build | Farm |
| 22:05 | Build | Farm |
| 22:05 | Build | Farm |
| 22:05 | Build | Farm |
| 22:05 | Build | Farm |
| 22:06 | Build | Farm |
| 22:11 | Build | House |
| 22:19 | Create | Villager (Male) |
| 22:22 | Create | Villager (Male) |
| 22:24 | Create | Villager (Male) |
| 22:29 | Build | Farm |
| 22:48 | Create | Villager (Male) |
| 22:49 | Create | Villager (Male) |
| 22:55 | Build | Farm |
| 22:55 | Build | Farm |
| 22:56 | Build | Farm |
| 22:57 | Create | Villager (Male) |
| 22:58 | Create | Villager (Male) |
| 23:14 | Create | Villager (Male) |
| 23:26 | Build | Monastery |
| 23:28 | Create | Villager (Male) |
| 23:29 | Create | Villager (Male) |
| 23:30 | Create | Villager (Male) |
| 23:32 | Build | Farm |
| 23:33 | Create | Villager (Male) |
| 23:36 | Create | Villager (Male) |
| 23:37 | Create | Villager (Male) |
| 23:40 | Build | Lumber Camp |
| 23:55 | Research | Heavy Plow |
| 24:06 | Create | Villager (Male) |
| 24:06 | Create | Villager (Male) |
| 24:10 | Build | Farm |
| 24:11 | Build | Farm |
| 24:11 | Build | Farm |
| 24:12 | Build | Farm |
| 24:12 | Build | Farm |
Build order — 超级小豪
First 150 of 220 actions detected
| 0:01 | Create | Villager (Male) |
| 0:01 | Create | Villager (Male) |
| 0:02 | Create | Villager (Male) |
| 0:03 | Build | House |
| 0:05 | Build | House |
| 0:38 | Create | Villager (Male) |
| 0:39 | Create | Villager (Male) |
| 1:30 | Create | Villager (Male) |
| 1:30 | Create | Villager (Male) |
| 2:04 | Create | Villager (Male) |
| 2:05 | Create | Villager (Male) |
| 2:05 | Create | Villager (Male) |
| 2:14 | Build | Lumber Camp |
| 2:43 | Create | Villager (Male) |
| 2:43 | Create | Villager (Male) |
| 3:38 | Create | Villager (Male) |
| 3:38 | Create | Villager (Male) |
| 3:38 | Create | Villager (Male) |
| 3:50 | Build | House |
| 4:17 | Create | Villager (Male) |
| 4:26 | Build | Mill |
| 4:41 | Create | Villager (Male) |
| 4:42 | Create | Villager (Male) |
| 5:03 | Create | Villager (Male) |
| 5:20 | Create | Villager (Male) |
| 5:20 | Create | Villager (Male) |
| 5:42 | Create | Villager (Male) |
| 5:43 | Create | Villager (Male) |
| 5:48 | Build | House |
| 6:46 | Create | Villager (Male) |
| 6:46 | Create | Villager (Male) |
| 7:13 | Build | Farm |
| 7:29 | Create | Villager (Male) |
| 7:29 | Create | Villager (Male) |
| 7:43 | Build | Farm |
| 7:46 | Build | Farm |
| 7:57 | Build | Mining Camp |
| 8:29 | Research | Feudal Age |
| 10:02 | Create | Villager (Male) |
| 10:03 | Create | Villager (Male) |
| 10:06 | Build | House |
| 10:38 | Age | Feudal Age |
| 10:44 | Build | Market |
| 10:48 | Build | Blacksmith |
| 11:03 | Research | Double-Bit Axe |
| 11:34 | Research | Castle Age |
| 11:35 | Research | Castle Age |
| 14:12 | Create | Villager (Male) |
| 14:12 | Create | Villager (Male) |
| 14:14 | Age | Castle Age |
| 14:21 | Build | Monastery |
| 14:25 | Build | Town Center |
| 14:35 | Build | Town Center |
| 14:51 | Create | Villager (Male) |
| 14:52 | Create | Villager (Male) |
| 15:10 | Create | Monk |
| 15:13 | Research | Bow Saw |
| 15:16 | Create | Villager (Male) |
| 15:35 | Build | House |
| 15:39 | Research | Wheelbarrow |
| 15:57 | Create | Villager (Male) |
| 16:07 | Research | Fervor |
| 16:14 | Build | House |
| 16:15 | Build | House |
| 16:15 | Build | House |
| 16:16 | Build | House |
| 16:18 | Create | Villager (Male) |
| 16:23 | Build | Farm |
| 16:24 | Build | Farm |
| 16:30 | Build | Farm |
| 16:39 | Create | Villager (Male) |
| 16:40 | Create | Villager (Male) |
| 16:40 | Create | Villager (Male) |
| 16:46 | Build | Farm |
| 16:48 | Create | Villager (Male) |
| 16:49 | Create | Villager (Male) |
| 16:49 | Create | Villager (Male) |
| 16:58 | Create | Monk |
| 17:22 | Build | Farm |
| 17:24 | Build | Farm |
| 17:26 | Build | Farm |
| 17:45 | Create | Villager (Male) |
| 17:46 | Create | Villager (Male) |
| 17:53 | Build | Farm |
| 18:04 | Build | Farm |
| 18:05 | Build | Farm |
| 18:07 | Build | Farm |
| 18:12 | Create | Villager (Male) |
| 18:15 | Build | Farm |
| 18:18 | Create | Villager (Male) |
| 18:28 | Build | Farm |
| 18:29 | Build | Farm |
| 18:32 | Build | Farm |
| 18:34 | Build | Farm |
| 18:38 | Build | Farm |
| 18:40 | Create | Villager (Male) |
| 18:46 | Create | Villager (Male) |
| 18:47 | Create | Villager (Male) |
| 18:47 | Create | Villager (Male) |
| 18:52 | Build | Farm |
| 19:04 | Create | Villager (Male) |
| 19:04 | Create | Villager (Male) |
| 19:14 | Create | Villager (Male) |
| 19:23 | Create | Villager (Male) |
| 19:33 | Create | Villager (Male) |
| 19:36 | Create | Villager (Male) |
| 19:39 | Build | Farm |
| 19:40 | Build | Farm |
| 19:52 | Create | Villager (Male) |
| 19:52 | Create | Villager (Male) |
| 19:53 | Create | Villager (Male) |
| 20:19 | Create | Villager (Male) |
| 20:20 | Create | Villager (Male) |
| 20:20 | Create | Villager (Male) |
| 20:25 | Build | Farm |
| 20:27 | Build | House |
| 20:28 | Build | House |
| 20:28 | Build | House |
| 20:29 | Build | House |
| 20:29 | Build | House |
| 20:30 | Build | House |
| 20:30 | Build | House |
| 20:30 | Build | House |
| 20:30 | Build | House |
| 20:46 | Create | Villager (Male) |
| 20:47 | Create | Villager (Male) |
| 20:47 | Create | Villager (Male) |
| 20:54 | Create | Villager (Male) |
| 20:57 | Build | Farm |
| 21:00 | Build | Farm |
| 21:05 | Build | Farm |
| 21:10 | Research | Horse Collar |
| 21:11 | Create | Villager (Male) |
| 21:12 | Create | Villager (Male) |
| 21:12 | Create | Villager (Male) |
| 21:21 | Create | Villager (Male) |
| 21:21 | Create | Villager (Male) |
| 21:21 | Create | Villager (Male) |
| 21:31 | Create | Villager (Male) |
| 21:51 | Build | Farm |
| 22:06 | Create | Villager (Male) |
| 22:06 | Create | Villager (Male) |
| 22:07 | Create | Villager (Male) |
| 22:11 | Build | Mill |
| 22:12 | Build | Farm |
| 22:13 | Build | Farm |
| 22:13 | Build | Farm |
| 22:13 | Build | Farm |
| 22:14 | Build | Farm |
| 22:14 | Build | Farm |
Build order — The Sar AOE
123 actions detected in the replay
| 0:01 | Create | Villager (Male) |
| 0:02 | Create | Villager (Male) |
| 0:04 | Build | House |
| 0:05 | Build | House |
| 0:10 | Create | Villager (Male) |
| 0:10 | Create | Villager (Male) |
| 1:58 | Create | Villager (Male) |
| 1:59 | Create | Villager (Male) |
| 2:09 | Create | Villager (Male) |
| 2:10 | Create | Villager (Male) |
| 3:04 | Create | Villager (Male) |
| 3:04 | Create | Villager (Male) |
| 3:50 | Create | Villager (Male) |
| 3:51 | Create | Villager (Male) |
| 3:51 | Create | Villager (Male) |
| 3:51 | Create | Villager (Male) |
| 4:01 | Create | Villager (Male) |
| 4:01 | Create | Villager (Male) |
| 4:27 | Create | Villager (Male) |
| 4:54 | Build | House |
| 5:01 | Create | Villager (Male) |
| 5:20 | Create | Villager (Male) |
| 6:18 | Build | Lumber Camp |
| 6:49 | Create | Villager (Male) |
| 6:53 | Build | House |
| 7:12 | Create | Villager (Male) |
| 7:38 | Build | Mill |
| 7:49 | Create | Villager (Male) |
| 8:14 | Research | Feudal Age |
| 8:50 | Build | House |
| 9:21 | Build | Mining Camp |
| 10:17 | Create | Villager (Male) |
| 10:18 | Create | Villager (Male) |
| 10:48 | Build | Blacksmith |
| 10:51 | Build | Market |
| 11:15 | Create | Villager (Male) |
| 11:37 | Build | Farm |
| 11:38 | Build | Farm |
| 11:56 | Create | Villager (Male) |
| 12:21 | Build | Farm |
| 12:44 | Research | Castle Age |
| 12:44 | Research | Castle Age |
| 14:10 | Build | Mining Camp |
| 14:24 | Create | Villager (Male) |
| 14:24 | Create | Villager (Male) |
| 14:24 | Create | Villager (Male) |
| 14:24 | Create | Villager (Male) |
| 14:25 | Create | Villager (Male) |
| 14:25 | Create | Villager (Male) |
| 14:25 | Create | Villager (Male) |
| 14:37 | Build | House |
| 14:40 | Build | House |
| 15:27 | Build | Farm |
| 15:28 | Build | Farm |
| 15:28 | Build | Farm |
| 15:28 | Build | Farm |
| 15:28 | Build | Farm |
| 17:46 | Build | Gate |
| 18:32 | Build | Castle |
| 19:08 | Create | Villager (Male) |
| 19:09 | Create | Villager (Male) |
| 19:09 | Create | Villager (Male) |
| 19:09 | Create | Villager (Male) |
| 19:44 | Build | House |
| 19:48 | Build | House |
| 20:07 | Build | House |
| 20:26 | Create | Villager (Male) |
| 20:27 | Create | Villager (Male) |
| 20:30 | Create | Janissary |
| 20:31 | Create | Janissary |
| 20:31 | Create | Janissary |
| 21:53 | Create | Janissary |
| 21:53 | Create | Janissary |
| 21:54 | Create | Janissary |
| 21:54 | Create | Janissary |
| 21:58 | Create | Janissary |
| 21:59 | Create | Janissary |
| 21:59 | Create | Janissary |
| 22:00 | Create | Janissary |
| 22:35 | Create | Villager (Male) |
| 22:35 | Create | Villager (Male) |
| 22:58 | Build | Gate |
| 23:29 | Create | Janissary |
| 23:31 | Create | Janissary |
| 23:57 | Build | Farm |
| 23:58 | Build | Farm |
| 24:01 | Build | Farm |
| 24:09 | Build | Farm |
| 24:09 | Build | Farm |
| 24:09 | Build | Farm |
| 24:10 | Build | Farm |
| 24:10 | Build | Farm |
| 24:10 | Build | Farm |
| 24:12 | Create | Villager (Male) |
| 24:13 | Create | Villager (Male) |
| 24:36 | Create | Petard |
| 25:10 | Create | Villager (Male) |
| 25:10 | Create | Villager (Male) |
| 25:27 | Build | Farm |
| 25:56 | Create | Janissary |
| 25:56 | Create | Janissary |
| 25:57 | Create | Janissary |
| 27:00 | Build | Farm |
| 27:07 | Build | Farm |
| 27:09 | Research | Horse Collar |
| 27:11 | Create | Villager (Male) |
| 27:12 | Create | Villager (Male) |
| 27:12 | Create | Villager (Male) |
| 27:42 | Create | Janissary |
| 27:42 | Create | Janissary |
| 27:43 | Create | Janissary |
| 27:50 | Build | Farm |
| 27:54 | Build | Farm |
| 27:54 | Build | Farm |
| 27:57 | Create | Villager (Male) |
| 27:57 | Create | Villager (Male) |
| 27:57 | Create | Villager (Male) |
| 28:53 | Research | Fletching |
| 28:53 | Research | Padded Archer Armor |
| 29:31 | Create | Janissary |
| 29:31 | Create | Janissary |
| 30:09 | Create | Janissary |
| 30:09 | Create | Janissary |
Match timeline
| 9:36 | CTM | Crawly94 · age_up feudal |
| 10:19 | uvbeendominated1 · age_up feudal |
| 10:31 | CTM | Crawly94 · first_market_sell 100 stone |
| 10:38 | 超级小豪 · age_up feudal |
| 11:03 | uvbeendominated1 · first_building Barracks |
| 11:41 | CTM | Benja FC · age_up feudal |
| 12:44 | PERCENT5175 · first_building Barracks |
| 13:25 | CTM | Crawly94 · age_up castle |
| 13:27 | CTM | Crawly94 · first_building Monastery |
| 13:44 | CTM | Crawly94 · first_building Barracks |
| 13:52 | Carsitou · age_up feudal |
| 14:14 | 超级小豪 · age_up castle |
| 14:21 | 超级小豪 · first_building Monastery |
| 14:56 | PERCENT5175 · first_building Siege Workshop |
| 15:14 | PERCENT5175 · first_market_buy 100 food |
| 15:19 | CTM | Benja FC · age_up castle |
| 15:30 | CTM | Crawly94 · first_building Siege Workshop |
| 15:33 | CTM | Benja FC · first_market_buy 100 wood |
| 16:16 | uvbeendominated1 · age_up castle |
| 16:18 | Carsitou · first_building Barracks |
| 17:25 | Carsitou · age_up castle |
| 17:28 | Carsitou · first_building Siege Workshop |
| 17:28 | uvbeendominated1 · first_building Siege Workshop |
| 17:32 | Carsitou · first_building Archery Range |
| 17:39 | Carsitou · first_market_buy 100 wood |
| 17:43 | Carsitou · first_building Monastery |
| 17:45 | PIPEX1356 · first_building Stable |
| 18:03 | PIPEX1356 · first_building Castle |
| 18:20 | CTM | Benja FC · first_building Siege Workshop |
| 18:32 | The Sar AOE · first_building Castle |
| 18:45 | 超级小豪 · first_market_buy 100 food |
| 19:24 | Carsitou · first_market_sell 500 stone |
| 20:05 | CTM | Benja FC · first_market_sell 100 food |
| 20:26 | CTM | Benja FC · tribute_sent a jugador 1 |
| 20:26 | CTM | Benja FC · tribute_sent a jugador 2 |
| 20:26 | CTM | Benja FC · tribute_sent a jugador 3 |
| 20:26 | CTM | Benja FC · tribute_sent a jugador 4 |
| 20:26 | CTM | Benja FC · tribute_sent a jugador 5 |
| 20:26 | CTM | Benja FC · tribute_sent a jugador 7 |
| 20:26 | CTM | Benja FC · tribute_sent a jugador 8 |
| 22:25 | PERCENT5175 · first_building Stable |
| 22:41 | Carsitou · age_up imperial |
| 22:41 | uvbeendominated1 · resign |
| 23:26 | CTM | Benja FC · first_building Monastery |
| 23:48 | CTM | Crawly94 · first_market_buy 100 food |
| 24:00 | 超级小豪 · first_building Siege Workshop |
| 24:03 | 超级小豪 · first_building Barracks |
| 26:21 | PIPEX1356 · first_building Siege Workshop |
| 26:30 | CTM | Benja FC · wall_segment Palisade Wall x1 |
| 26:31 | CTM | Benja FC · wall_segment Palisade Wall x1 |
| 26:33 | CTM | Benja FC · wall_segment Palisade Wall x1 |
| 26:37 | CTM | Benja FC · wall_segment Palisade Wall x1 |
| 26:40 | CTM | Benja FC · wall_segment Palisade Wall x1 |
| 26:46 | PERCENT5175 · first_building Archery Range |
| 27:18 | CTM | Benja FC · first_building Barracks |
| 28:17 | 超级小豪 · age_up imperial |
| 28:39 | CTM | Benja FC · first_building Castle |
| 28:46 | 超级小豪 · first_building Archery Range |
| 29:25 | CTM | Benja FC · first_building Stable |
| 30:20 | CTM | Benja FC · age_up imperial |
[ AI ANALYSIS · 1 CREDIT ]
What really happened in this match?
Wolo.gg analyzes every decision: build order, eco, micro, common mistakes by bracket. Personalized analysis on WhatsApp or Discord in 30 seconds.
Civ guide
Turks
Perfil
Carsitou